 Dungeon Crawl Stone Soup version 0.19.5 (webtiles) character file.

41 Hordtkhen the Skirmisher (level 3, -2/30 HPs)
             Began as a Demonspawn Abyssal Knight on Apr 15, 2017.
             Was a Follower of Lugonu.
             Slain by a sixfirhy (9 damage)
             ... on level 3 of the Abyss.
             The game lasted 00:03:09 (214 turns).

Hordtkhen the Skirmisher (Demonspawn Abyssal Knight) Turns: 214, Time: 00:03:09

Health: -2/30      AC:  3    Str:  9    XL:     3   Next: 32%
Magic:  4/4        EV: 11    Int: 13    God:    Lugonu [*.....]
Gold:   74         SH:  0    Dex: 12    Spells: 0 memorised, 2 levels left

rFire  . . .     SeeInvis .     h - +4 mace
rCold  . . .     Gourm    .     b - +0 leather armour
rNeg   . . .     Faith    .     (no shield)
rPois  .         Spirit   .     (helmet restricted)
rElec  .         Reflect  .     (no cloak)
rCorr  .         Harm     .     (no gloves)
MR     .....     Rnd*Rage +     (no boots)
Stlth  +.........               (no amulet)
                                (no ring)
                                (no ring)

@: no status effects
A: antennae 1, berserk 2, weak 2, rot immunity
a: Depart the Abyss, Renounce Religion


You were on level 3 of the Abyss.
You worshipped Lugonu.
Lugonu was aware of your devotion.
You were not hungry.

You visited 0 branches of the dungeon, and saw 0 of its levels.
You visited the Abyss 1 time.

You collected 74 gold pieces.

Inventory:

Hand Weapons
 a - a +1 spear
 h - a +4 mace (weapon)
Armour
 b - a +0 leather armour (worn)
Wands
 g - a wand of iceblast (7/15)
Scrolls
 d - a scroll of fog {unknown}
Potions
 e - a potion of brilliance {unknown}
 f - a potion of haste {unknown}
Comestibles
 c - a bread ration


   Skills:
 + Level 3.7 Fighting
 + Level 2.1 Polearms
 + Level 2.3 Armour
 + Level 0.8 Dodging
 + Level 2.5 Invocations


You had 2 spell levels left.
You didn't know any spells.

Dungeon Overview and Level Annotations

Branches:
Dungeon (0/15)

Altars:


Innate Abilities, Weirdness & Mutations

You have a pair of small antennae on your head.
You are immune to rotting.
[You often lose your temper in combat.]
[You are very weak. (Str -4)]


Message History

You feel stronger.
Your demonic ancestry asserts itself...
A pair of antennae grows on your head!
Evoking this partially-identified wand wasted a few charges.
The substance of the Abyss twists violently, and a gateway leading out appears!
Things that are here:
an enchanted mace; a robe
h - an enchanted mace
h - a +4 mace (weapon)
There is a gateway leading out of the Abyss here.
The hellion gives a hideous shriek!
A sixfirhy and a wretched star come into view.
The wretched star pulses with an eldritch light!
You feel weaker. x2
The wretched star pulses with an eldritch light!
You feel a little pissed off.
You feel angry.
There is a gateway leading out of the Abyss here.
The sixfirhy hits you. The sixfirhy shocks you! The sixfirhy hits you!
* * * LOW HITPOINT WARNING * * *
The sixfirhy shocks you!
You die...

# # #..
##..#..##
#.#####.#
###...#.#.#
#.#[#..# #
#..##.# z
## ##@*###
#.# #3### #
#...# #
#..#..#
..#.. ..#
#§.##.. ##
.... 2..
.###. ....
. .# .§..*


You could see a wretched star, a sixfirhy and a hellion.

Vanquished Creatures
  A wight (Abyss:3)
1 creature vanquished.

Notes
Turn   | Place    | Note
-------+----------+-------------------------------------------
     0 | Abyss:1  | Hordtkhen the Demonspawn Abyssal Knight began the quest for the Orb.
     0 | Abyss:1  | Reached XP level 1. HP: 18/18 MP: 2/2
    43 | Abyss:1  | Found a corrupted altar of Lugonu.
   151 | Abyss:2  | Noticed a ynoxinul
   194 | Abyss:3  | Noticed a wight
   203 | Abyss:3  | Killed a wight
   203 | Abyss:3  | Gained mutation: You are immune to rotting. [demonic ancestry]
   203 | Abyss:3  | Reached XP level 2. HP: 25/25 MP: 3/3
   203 | Abyss:3  | Gained mutation: You have a pair of small antennae on your head. [demonic ancestry]
   203 | Abyss:3  | Reached XP level 3. HP: 30/30 MP: 4/4
   211 | Abyss:3  | Noticed a hellion
   211 | Abyss:3  | Noticed a wretched star
   212 | Abyss:3  | Noticed a wretched star
   212 | Abyss:3  | Noticed a sixfirhy
   214 | Abyss:3  | Slain by a sixfirhy

Skill      XL: |  1 |
---------------+----+-----
Polearms       | 2 |  2.1
Armour         | 2 |  2.3
Fighting       | |  3.7
Dodging        | |  0.8
Invocations    | |  2.5

Action                   || total
-------------------------++-------
Evoke: Wand              ||     2
Dodge: Dodged            ||     1
